AoeStats
← prsdntsdghtr

Yucatan

510723009Analyzed
4v4 RM · 1d ago on Oct 2, 2026· 29m 33s· 8 players
Game mode
Random Map
Map size
Large (8 player)
Population
200
Speed
Normal
Resources
Standard
Victory
Conquest
Starting age
Dark Age
Ending age
Imperial Age
RankedLock teamsTeams togetherTeam positionsShared explorationLock speedFull tech treeHidden civsTurbo modeCheats
Victory
Defeat
🇦🇺 Mongols · Australia
1263
+14
🇦🇺 Huns · Australia
1244
+15
🇦🇺 Ethiopians · Australia
1134
+20
🇦🇺 Mongols · Australia
1131
+20
🇹🇼 Poles · Taiwan
1276
-20
🇵🇰 Ethiopians · Pakistan
1214
-17
🇳🇱 Spanish · Netherlands
1201
-16
🇨🇳 Franks · China
1199
-16
见面问声好
10:37 Feudal Age
14:39 Castle Age
16:56 Double-Bit Axe
19:38 Wheelbarrow
21:37 Loom
24:04 Bow Saw
24:04 Town Watch
29:54 Imperial Age
28:16 Hand Cart
28:13 Gold Mining
28:13 Stone Mining
28:59 Husbandry
29:20 Forging
29:15 Scale Barding Armor
Red
10:24 Feudal Age
12:54 Horse Collar
13:40 Bloodlines
14:05 Scale Barding Armor
14:11 Forging
14:04 Double-Bit Axe
14:46 Loom
19:39 Wheelbarrow
23:35 Castle Age
22:04 Scale Mail Armor
23:36 Light Cavalry
24:17 Husbandry
24:38 Chain Barding Armor
23:41 Pikeman
24:58 Heavy Plow
prsdntsdghtr
0:27 Loom
8:03 Loom
12:03 Feudal Age
15:40 Double-Bit Axe
18:08 Castle Age
16:59 Town Watch
khamz
6:41 Loom
11:00 Feudal Age
11:34 Double-Bit Axe
14:49 Wheelbarrow
16:39 Horse Collar
18:05 Fletching
20:12 Padded Archer Armor
Majin Scoob
10:52 Feudal Age
16:10 Castle Age
17:19 Double-Bit Axe
19:43 Loom
20:33 Wheelbarrow
22:15 Bow Saw
24:29 Forging
24:25 Scale Barding Armor
24:34 Bloodlines
27:20 Chain Barding Armor
JDIV
3:05 Loom
9:38 Feudal Age
12:03 Wheelbarrow
13:03 Forging
20:34 Castle Age
20:10 Double-Bit Axe
20:55 Fletching
20:52 Horse Collar
21:54 Scale Mail Armor
JohnnyG
11:04 Feudal Age
15:39 Castle Age
17:02 Double-Bit Axe
17:02 Horse Collar
17:40 Bloodlines
17:30 Husbandry
Toco
7:45 Loom
10:29 Feudal Age
14:25 Castle Age
12:43 Padded Archer Armor
12:34 Fletching
12:51 Double-Bit Axe
14:06 Gold Mining
16:10 Gold Shaft Mining
16:38 Leather Archer Armor
18:57 Bow Saw
19:57 Bodkin Arrow
25:51 Ballistics
26:25 Horse Collar
29:25 Heavy Plow
Connection lost

Rejoining the realm…

Still unreachable

The connection could not be restored.

Session expired

The server has moved on; the page needs a fresh start.